 Dungeon Crawl Stone Soup version 0.20-a0-1008-g0de3dc5 (webtiles) character file.

357 4thArraOfDagon the Charlatan (level 6, -13/44 HPs)
             Began as a Mummy Artificer on Apr 14, 2017.
             Was a Follower of Okawaru.
             Mangled by Menkaure (14 damage)
             ... on level 5 of the Dungeon.
             The game lasted 00:08:05 (3281 turns).

4thArraOfDagon the Charlatan (Mummy Artificer)      Turns: 3281, Time: 00:08:06

Health: -13/44     AC: 10    Str: 16    XL:     6   Next: 37%
Magic:  7/8        EV: 10    Int: 12    God:    Okawaru [*.....]
Gold:   215        SH:  0    Dex: 12    Spells: 5/5 levels left

rFire    x . .     SeeInvis .   h - +0 falchion
rCold    + . .     Gourm    +   (no shield)
rNeg     + + +     Faith    .   q - +0 chain mail
rPois    ∞         Spirit   .   (no helmet)
rElec    .         Reflect  .   (no cloak)
rCorr    .         Harm     .   (no gloves)
MR       .....                  (no boots)
Stlth    ..........             i - amulet of the gourmand
Regen    0.2/turn               (no ring)
MPRegen  0.2/turn               (no ring)

@: heroism
A: no food or potions, fire vulnerability, cold resistance 1, negative energy
resistance 3, torment resistance, unbreathing
a: Heroism, Renounce Religion


You were on level 5 of the Dungeon.
You worshipped Okawaru.
Okawaru was aware of your devotion.
You were not hungry.

You visited 1 branch of the dungeon, and saw 5 of its levels.

You collected 215 gold pieces.

Inventory:

Hand Weapons
 a - a +0 short sword
 g - a +0 mace
 h - a +0 falchion (weapon)
Missiles
 s - 5 poisoned tomahawks (quivered)
Armour
 b - a +0 leather armour
 n - a +0 plate armour
 q - a +0 chain mail (worn)
 r - the +1 ring mail of Distant Shores {*Contam rN+ Int+3 SInv}
   (You found it on level 4 of the Dungeon)

   It affects your intelligence (+3).
   It protects you from negative energy.
   It lets you see invisible.
   It causes magical contamination when unequipped.
Jewellery
 i - an amulet of the gourmand (around neck)
Wands
 c - a wand of flame (6/48)
 d - a wand of enslavement (12/24)
 e - a wand of random effects (9/48)
 o - a wand of polymorph (13/24)
Scrolls
 f - 7 scrolls of identify
 j - a scroll of noise {unknown}
 k - a scroll of remove curse {unknown}
 l - a scroll of teleportation {unknown}
 m - 2 scrolls of immolation {unknown}
 p - a scroll of magic mapping


   Skills:
 - Level 2.2(7.2) Fighting
 - Level 0.7(7.0) Short Blades
 * Level 3.0(8.1) Long Blades
 + Level 1.8(6.8) Armour
 + Level 2.3(7.3) Dodging
 - Level 0.7(5.7) Stealth
 + Level 1.5 Invocations
 - Level 3.1 Evocations


You had 5 spell levels left.
You didn't know any spells.

Dungeon Overview and Level Annotations

Branches:
Dungeon (5/15)
 Temple: D:4-7

Altars:
Makhleb
Okawaru
Ru

Annotations:
D:5 Menkaure


Innate Abilities, Weirdness & Mutations

You do not eat or drink.
Your flesh is vulnerable to fire.
You are immune to poison.
Your flesh is cold resistant. (rC+)
You are immune to negative energy. (rN+++)
You are immune to unholy pain and torment.
You can survive without breathing.


Message History

Your chain mail prevents you from hitting Menkaure.
Menkaure is severely damaged.
Menkaure hits you but does no damage.
You closely miss Menkaure.
Menkaure is severely damaged.
Menkaure hits you!!
You hit Menkaure but do no damage.
Menkaure is severely damaged.
Menkaure hits you but does no damage.
You hit Menkaure but do no damage.
Menkaure is severely damaged.
Menkaure hits you!
* * * LOW HITPOINT WARNING * * *
You hit Menkaure.
Menkaure is severely damaged.
Menkaure barely misses you.
Unknown command.
Unknown command.
Menkaure hits you!
You die...

. .. .... + ..... ..
####...... .....
#..'....<. ......
#.##......
......#.##M##......
#...........@.......
#....##..##.##....$.
+...........# ....)
#...........##......
...................
. #...........###.#
..##+##...........#
#
..................#
..................#


You could see Menkaure.

Vanquished Creatures
  A water moccasin skeleton (D:5)
  A scorpion (D:4)
  A crimson imp (D:2)
  An orc priest (D:4)
  A worker ant (D:4)
  A hound skeleton (D:4)
  4 adders
  A shadow imp (D:5)
  An ooze (D:1)
  2 worms
  2 dart slugs
  5 leopard geckos
  8 orcs
  5 giant cockroaches
  7 goblins
  10 hobgoblins
  4 jackals (D:2)
  3 quokkas
  3 ball pythons
  9 bats
  A frilled lizard (D:2)
  5 kobolds
  11 rats
87 creatures vanquished.

Vanquished Creatures (collateral kills)
  A quokka zombie (D:5)
1 creature vanquished.

Vanquished Creatures (others)
  A black bear (D:5)
1 creature vanquished.

Grand Total: 89 creatures vanquished

Notes
Turn   | Place    | Note
-------+----------+-------------------------------------------
     0 | D:1      | 4thArraOfDagon the Mummy Artificer began the quest for the Orb.
     0 | D:1      | Reached XP level 1. HP: 15/15 MP: 2/2
   142 | D:2      | Reached XP level 2. HP: 19/21 MP: 4/4
   278 | D:4      | Found an iron altar of Okawaru.
   282 | D:4      | Became a worshipper of Warmaster Okawaru
   358 | D:3      | Reached XP level 3. HP: 25/27 MP: 5/5
   968 | D:1      | Reached skill level 1 in Long Blades
  1374 | D:2      | Found a sacrificial altar of Ru.
  1376 | D:2      | Found an iron altar of Okawaru.
  1496 | D:2      | Reached XP level 4. HP: 33/33 MP: 6/6
  1917 | D:2      | Found a burning altar of Makhleb.
  2051 | D:3      | Reached skill level 1 in Armour
  2166 | D:3      | Reached XP level 5. HP: 38/38 MP: 7/7
  2736 | D:4      | Reached skill level 1 in Invocations
  2751 | D:4      | Reached XP level 6. HP: 33/44 MP: 8/8
  2849 | D:4      | Reached * piety under Okawaru
  2892 | D:4      | Got an encrusted ring mail
  2921 | D:5      | Entered Level 5 of the Dungeon
  2922 | D:5      | Identified the +1 ring mail of Distant Shores {*Contam rN+ Int+3 SInv} (You found it on level 4 of the Dungeon)
  3231 | D:5      | Noticed an ice beast
  3232 | D:5      | an ice beast changed into a black bear
  3258 | D:5      | Noticed Menkaure
  3278 | D:5      | HP: 1/44 [Menkaure (17)]
  3281 | D:5      | Mangled by Menkaure

Vault maps used:
D:1:      onia_arrival_mini_spirals, glass_columns_a
D:2:      makhleb_grotto_becter, grunt_temple_overflow_open,
          kennysheep_decorative_pillar
D:3:      first_bread
D:4:      kennysheep_mini_moat, okawaru_ov_weapons_minmay
D:5:      marbit_many_paths, fiery_altar_vehumet,
          minmay_temple_entry_large_hall, chequers_big_river,
          serial_park_tiny_1, uniq_menkaure

Skill      XL: |  1  2  3  4  5  6 |
---------------+-------------------+-----
Evocations     | 3 |  3.1
Fighting       | 2 |  2.2
Long Blades    | 1 2 3 |  3.0
Armour         | 1 |  1.8
Dodging        | 2 |  2.3
Invocations    | 1 |  1.5
Short Blades   | |  0.7
Stealth        | |  0.7

Action                   |  1- 3 |  4- 6 || total
-------------------------+-------+-------++-------
Melee: Short sword       |   122 |       ||   122
       Falchion          |    38 |   260 ||   298
Invok: Heroism           |       |     2 ||     2
Evoke: Wand              |     7 |    12 ||    19
  Use: Scroll            |       |     3 ||     3
Armor: Leather armour    |    53 |       ||    53
       Plate armour      |       |   126 ||   126
       Chain mail        |       |    39 ||    39
Dodge: Dodged            |   104 |    90 ||   194
       Rpst.: Falchion   |     6 |    29 ||    35
